 Dungeon Sprint DCSS version 0.22-a0-3-g4fa69d9 (webtiles) character file.

84840 Kidiri the Sorcerer (level 14, 0/88 HPs)
             Began as a Deep Elf Fire Elementalist on Jan 1, 2018.
             Was the Champion of Vehumet.
             Slain by a war axe of chopping (24 damage)
             ... in the Dungeon (Sprint III: "The Ten Rune Challenge").
             The game lasted 00:56:21 (9637 turns).

Kidiri the Sorcerer (Deep Elf Fire Elementalist)    Turns: 9637, Time: 00:56:22

Health: 0/88       AC: 17    Str:  5    XL:     14   Next: 43%
Magic:  36/48      EV: 21    Int: 41    God:    Vehumet [******]
Gold:   154        SH:  7    Dex: 15    Spells: 8/57 levels left

rFire    + . .     SeeInvis +   k - +8 rapier "Ymiqeixi" {pierce, rF+ MR+}
rCold    + . .     Gourm    .   H - +1 buckler "Rics" {Int+4}
rNeg     . . .     Faith    .   w - +3 leather armour of the Everdark {rPois Str+2}
rPois    +         Spirit   .   e - +3 hat of Pondering {ponderous, MR+ MP+10 Int+5}
rElec    .         Reflect  .   i - +2 cloak
rCorr    .         Harm     .   (no gloves)
MR       +++..     NoTele   +   G - +2 pair of boots
Stlth    +++.......             E - amulet of Aguther {RegenMP rC+ SInv Stlth+}
HPRegen  0.24/turn              C - +4 ring of intelligence
MPRegen  0.56/turn              (no ring)

@: slow
A: horns 1, clever 1, low mp 1, screaming 1, weak 1
}: 2/10 runes: decaying, barnacled
a: Renounce Religion


You were in the Dungeon.
You worshipped Vehumet.
Vehumet was exalted by your worship.
You were not hungry.

You visited 1 branch You collected 2901 gold pieces.
You spent 2747 gold pieces at shops.

Inventory:

Hand Weapons
 k - the +8 rapier "Ymiqeixi" (weapon) {pierce, rF+ MR+}
   (You took it off a deep elf death mage in the Dungeon)

   It inflicts extra damage upon your enemies.
   It protects you from fire.
   It affects your resistance to hostile enchantments.
Armour
 e - the +3 hat of Pondering (worn) {ponderous, MR+ MP+10 Int+5}
   (You took it off Gastronok in the Dungeon)

   It affects your intelligence (+5).
   It affects your resistance to hostile enchantments.
   It affects your magic capacity (+10).
 i - a +2 cloak (worn)
 w - the +3 leather armour of the Everdark (worn) {rPois Str+2}
   (You bought it in a shop in the Dungeon)

   It affects your strength (+2).
   It protects you from poison.
 G - a +2 pair of boots (worn)
 H - the +1 buckler "Rics" (worn) {Int+4}
   (You bought it in a shop in the Dungeon)

   It affects your intelligence (+4).
Jewellery
 C - a +4 ring of intelligence (left hand)
 E - the amulet of Aguther (around neck) {RegenMP rC+ SInv Stlth+}
   (You found it in the Dungeon)

   [amulet of magic regeneration]

   It increases your magic regeneration.
   It protects you from cold.
   It lets you see invisible.
   It makes you more stealthy.
 J - the ring "Cael Bis" {rF- MR++ Str+6 Stlth+}
   (You found it in the Dungeon)

   [ring of stealth]

   It affects your strength (+6).
   It makes you vulnerable to fire.
   It affects your resistance to hostile enchantments.
   It makes you more stealthy.
 L - the amulet "Susmy" {rC- rN+ MR+ Regen+ Str+2}
   (You found it in the Dungeon)

   [amulet of regeneration]

   It affects your strength (+2).
   It makes you vulnerable to cold.
   It protects you from negative energy.
   It affects your resistance to hostile enchantments.
   It increases your rate of regeneration.
Wands
 a - a wand of iceblast (6)
 v - a wand of digging (14)
 F - a wand of paralysis (16)
Scrolls
 d - a scroll of vulnerability
 l - a scroll of immolation
 n - a scroll of remove curse
 r - 3 scrolls of identify
 t - 2 scrolls of amnesia
 z - a scroll of fear
 K - 3 scrolls of silence
Potions
 b - 11 potions of curing
 f - 6 potions of heal wounds
 g - a potion of magic
 h - a potion of resistance
 m - a potion of invisibility
 o - a potion of flight
 p - a potion of lignification
 s - a potion of agility
 A - a potion of brilliance
 B - 2 potions of might
Comestibles
 c - 11 rations
 j - 12 chunks of flesh


   Skills:
 + Level 10.5 Fighting
 + Level 12.2 Short Blades
 + Level 10.4 Armour
 + Level 14.3 Dodging
 - Level 2.4 Stealth
 + Level 7.8 Shields
 * Level 22.0 Spellcasting
 + Level 14.2 Conjurations
 + Level 14.5 Fire Magic
 + Level 12.2 Air Magic
 + Level 11.8 Earth Magic
 + Level 13.1 Poison Magic


You had 8 spell levels left.
You knew the following spells:

 Your Spells              Type           Power        Failure   Level  Hunger
a - Flame Tongue          Conj/Fire      #####        0%          1    None
b - Throw Flame           Conj/Fire      ######       0%          2    None
c - Conjure Flame         Conj/Fire      ########     0%          3    None
d - Inner Flame           Hex/Fire       #######.     1%          3    None
e - Sticky Flame          Conj/Fire      ########     0%          4    None
f - Fireball              Conj/Fire      ########..   1%          5    None
g - Bolt of Magma         Conj/Fire/Erth ########..   1%          5    None
h - Bolt of Fire          Conj/Fire      ########..   1%          6    None
i - Stone Arrow           Conj/Erth      ######       0%          3    None
j - Lee's Rapid Deconstr  Erth           #######...   1%          5    None
k - Mephitic Cloud        Conj/Pois/Air  ########     0%          3    None
l - Orb of Destruction    Conj           ########..   1%          7    None
m - Blink                 Tloc           N/A          1%          2    None


Dungeon Overview and Level Annotations

Branches:
Dungeon (1/1)

Altars:
Cheibriados
Dithmenos
Elyvilon
Fedhas
Gozag
Hepliaklqana
Kikubaaqudgha
Makhleb
Nemelex Xobeh
Okawaru
Qazlal
Ru
Sif Muna
Trog
Uskayaw
Vehumet
Wu Jian
Xom
Yredelemnul
Zin
The Shining One
Beogh
Jiyva
Lugonu

Shops:
D :!(?!:[?(%%!(=[}:(*

Annotations:
D exclusion: 4 doors


Innate Abilities, Weirdness & Mutations

You have a pair of small horns on your head.
Your mind is acute. (Int +2)
Your magical capacity is low. (-10% MP)
You occasionally shout uncontrollably at your foes.
You are weak. (Str -2)


Message History

Confirm with . or Enter, or press ? or * to list all spells.
Aiming: Bolt of Magma
Press: ? - help, Shift-Dir - straight line, f/p - mace of draining
Aim: a mace of draining (severely damaged)
The bolt of magma misses the war axe of chopping.
The bolt of magma hits the mace of draining.
The mace of draining partially resists.
The mace of draining falls from the air.
Vehumet accepts your kill. The war axe of chopping hits you!! x2
Casting: Bolt of Magma
Confirm with . or Enter, or press ? or * to list all spells.
Aiming: Bolt of Magma
Press: ? - help, Shift-Dir - straight line, f - war axe of chopping
Aim: a war axe of chopping (moderately damaged)
The bolt of magma misses the war axe of chopping.
The war axe of chopping hits you!
* * * LOW HITPOINT WARNING * * *
x2 The war axe of chopping hits you!!
You die...

§≈≈#**≈≈≈*,*,*,,,+,,,,,,,,,*
#§§§≈≈≈≈≈############****+**
*c§§≈≈≈≈≈#)..#...#).#,,,,,,*
**#≈§≈≈≈≈#...#...#..#,,,,,,*
,,*c§≈≈≈≈##+###+##..#,,,,,,*
,,***≈≈###.......+..+,,,,,,*
,,+,*,##.#.#####.####,,,,,,*
#######..'.#)..+.#..#,,,,,,*
......'..#######@+..#,,,,,,*
..########..,..#(####,,,,,,*
###.∩⌠⌠∩.#..#..#%#..#,,,,,,*
#§#.∩⌠⌠∩.#.#.#.#.+..#,,,,,,*
..#.∩∩∩∩.#....(#)#..#,,,,,,*
§.#.∩∩∩∩.#(....#.#..#,,,,,,*
§.#......#,*,#('.#..#,,,,,,*
§§###++###,,#..#.#..#,,,,,,*
§§#.8..8.#)....######*****+*


You could see a war axe of chopping.

Vanquished Creatures
  Xtahua (D)
  Rupert (D)
  Polyphemus (D)
  A deep elf master archer (D)
  Gastronok (D)
  Dowan (D)
  4 azure jellies (D)
  Ilsuiw (D)
  2 deep elf annihilators (D)
  2 dire elephants (D)
  A deep elf demonologist (D)
  Snorg (D)
  A deep elf death mage (D)
  A mummy priest (D)
  2 fire dragons (D)
  A merfolk javelineer (D)
  A deep elf high priest (D)
  3 hydras (D)
  2 centaur warriors (D)
  A dancing weapon (D)
  Urug (D)
  4 death yaks (D)
  A shadow wraith (D)
  An unseen horror (D)
  A death drake (D)
  A spriggan druid (D)
  A sea snake (D)
  An orange crystal statue (D)
  A lindwurm (D)
  7 deep elf magi (D)
  2 orc sorcerers (D)
  4 crystal guardians (D)
  2 elephants (D)
  3 ugly things (D)
  4 statues (D)
  2 black mambas (D)
  Duvessa (D)
  2 spiny frogs (D)
  A rime drake (D)
  A komodo dragon (D)
  3 wandering mushrooms (D)
  A queen bee (D)
  4 spriggan defenders (D)
  2 tyrant leeches (D)
  2 hornets (D)
  4 orc high priests (D)
  A slime creature (D)
  2 dream sheep (D)
  8 blink frogs (D)
  2 spriggans (D)
  A shadow (D)
  3 redbacks (D)
  A spatial vortex (D)
  2 hell hounds (D)
  A hydra simulacrum (D)
  A swamp drake (D)
  4 orc warriors (D)
  A necrophage (D)
  2 centaurs (D)
  An earth elemental (D)
  A water elemental (D)
  A scorpion (D)
  21 killer bees (D)
  An electric eel (D)
  A jelly (D)
  An orc wizard (D)
  A wizard (D)
  A necromancer (D)
  2 wolf simulacra (D)
  A polar bear simulacrum (D)
  A kobold demonologist (D)
  3 humans (D)
  11 orcs (D)
  4 rats (D)
  10 plants (D)
176 creatures vanquished.

Vanquished Creatures (collateral kills)
  8 killer bees (D)
8 creatures vanquished.

Vanquished Creatures (others)
  2 draconian scorchers (D)
  A molten gargoyle (D)
  6 hellions (D)
  2 yaktaurs (D)
  A dream sheep (D)
  3 killer bees (D)
  3 ball lightnings (D)
  4 ballistomycetes (D)
  5 ballistomycete spores (D)
  14 plants (D)
41 creatures vanquished.

Grand Total: 225 creatures vanquished

Notes
Turn   | Place    | Note
-------+----------+-------------------------------------------
     0 | D        | Kidiri the Deep Elf Fire Elementalist began the quest for the Orb.
     0 | D        | Reached XP level 1. HP: 10/10 MP: 6/6
    50 | D        | Reached skill level 4 in Spellcasting
    62 | D        | Killed a yaktaur
   100 | D        | Noticed a scorpion
   100 | D        | Killed a hellion
   106 | D        | Killed a scorpion
   106 | D        | Reached skill level 7 in Spellcasting
   106 | D        | Reached skill level 5 in Fire Magic
   106 | D        | Reached XP level 2. HP: 15/15 MP: 6/12
   106 | D        | Reached XP level 3. HP: 19/19 MP: 6/13
   110 | D        | Learned a level 2 spell: Throw Flame
   112 | D        | Killed a hellion
   113 | D        | Killed a hellion
   113 | D        | Killed a hellion
   113 | D        | Killed a hellion
   114 | D        | Learned a level 3 spell: Conjure Flame
   118 | D        | Learned a level 3 spell: Inner Flame
   136 | D        | Gained mutation: Your flesh is heat resistant. (rF+) [potion of mutation]
   136 | D        | Gained mutation: Your natural rate of healing is unusually fast. [potion of mutation]
   136 | D        | Gained mutation: You possess an exceptional clarity of mind. [potion of mutation]
   137 | D        | Lost mutation: You possess an exceptional clarity of mind. [potion of mutation]
   137 | D        | Lost mutation: Your natural rate of healing is unusually fast. [potion of mutation]
   137 | D        | Gained mutation: You are agile. (Dex +2) [potion of mutation]
   137 | D        | Lost mutation: You are agile. (Dex +2) [potion of mutation]
   137 | D        | Gained mutation: Your flesh is cold resistant. (rC+) [potion of mutation]
   137 | D        | Gained mutation: Your muscles are strong. (Str +2) [potion of mutation]
   138 | D        | Lost mutation: Your flesh is cold resistant. (rC+) [potion of mutation]
   138 | D        | Lost mutation: Your muscles are strong. (Str +2) [potion of mutation]
   138 | D        | Lost mutation: Your flesh is heat resistant. (rF+) [potion of mutation]
   138 | D        | Gained mutation: You can translocate small distances at will. [potion of mutation]
   138 | D        | Gained mutation: You are agile. (Dex +2) [potion of mutation]
   139 | D        | Lost mutation: You are agile. (Dex +2) [potion of mutation]
   139 | D        | Lost mutation: You can translocate small distances at will. [potion of mutation]
   139 | D        | Gained mutation: You are weak. (Str -2) [potion of mutation]
   139 | D        | Gained mutation: Your magical capacity is low. (-10% MP) [potion of mutation]
   139 | D        | Gained mutation: You have a pair of small horns on your head. [potion of mutation]
   139 | D        | Gained mutation: Your mind is acute. (Int +2) [potion of mutation]
   161 | D        | Reached XP level 4. HP: 24/24 MP: 7/14
   167 | D        | Learned a level 4 spell: Sticky Flame
   170 | D        | Killed a hellion
   197 | D        | Killed a white draconian scorcher
   206 | D        | Noticed a water elemental
   208 | D        | Killed a water elemental
   208 | D        | Reached skill level 9 in Spellcasting
   208 | D        | Reached skill level 5 in Conjurations
   247 | D        | Found a radiant altar of Vehumet.
   248 | D        | Found a deep blue altar of Sif Muna.
   248 | D        | Found an ancient bone altar of Kikubaaqudgha.
   248 | D        | Noticed a wizard
   251 | D        | Killed a wizard
   251 | D        | Reached skill level 10 in Spellcasting
   251 | D        | Reached XP level 5. HP: 17/28 MP: 6/17
   264 | D        | Became a worshipper of Vehumet
   271 | D        | Learned a level 5 spell: Fireball
   275 | D        | Learned a level 3 spell: Mephitic Cloud
   313 | D        | Killed a white draconian scorcher
   402 | D        | Found a glowing silver altar of Zin.
   403 | D        | Found a glowing golden altar of the Shining One.
   403 | D        | Found a white marble altar of Elyvilon.
   403 | D        | Noticed a deep elf mage
   410 | D        | Killed a deep elf mage
   410 | D        | Reached skill level 12 in Spellcasting
   410 | D        | Reached XP level 6. HP: 33/36 MP: 8/20
   410 | D        | Reached XP level 7. HP: 37/40 MP: 8/22
   485 | D        | Found an ornate altar of the Wu Jian Council.
   485 | D        | Found a roughly hewn altar of Beogh.
   485 | D        | Found an iron altar of Okawaru.
   485 | D        | Found a bloodstained altar of Trog.
   485 | D        | Found a hide-covered altar of Uskayaw.
   485 | D        | Noticed a human
   485 | D        | Noticed a human
   497 | D        | Killed a human
   497 | D        | Killed a human
   497 | D        | Reached skill level 5 in Dodging
   497 | D        | Reached * piety under Vehumet
   497 | D        | Offered knowledge of Sting by Vehumet.
   592 | D        | Found a basalt altar of Yredelemnul.
   592 | D        | Found a shadowy altar of Dithmenos.
   592 | D        | Found a sacrificial altar of Ru.
   790 | D        | Noticed a shadow
   794 | D        | Reached ** piety under Vehumet
   794 | D        | Offered knowledge of Freeze by Vehumet.
   797 | D        | Killed a shadow
   797 | D        | Reached XP level 8. HP: 46/46 MP: 8/24
   881 | D        | Found a blossoming altar of Fedhas.
   881 | D        | Found a stormy altar of Qazlal.
   881 | D        | Found a snail-covered altar of Cheibriados.
   881 | D        | Found a burning altar of Makhleb.
   881 | D        | Found a shimmering altar of Xom.
   882 | D        | Found a hazy altar of Hepliaklqana.
   882 | D        | Found an opulent altar of Gozag.
   882 | D        | Found a sparkling altar of Nemelex Xobeh.
   882 | D        | Found a corrupted altar of Lugonu.
   882 | D        | Found a viscous altar of Jiyva.
   900 | D        | Reached skill level 13 in Spellcasting
  1043 | D        | Noticed Snorg
  1047 | D        | Killed Snorg
  1047 | D        | Offered knowledge of Searing Ray by Vehumet.
  1047 | D        | Reached skill level 5 in Short Blades
  1047 | D        | Reached skill level 5 in Air Magic
  1047 | D        | Reached skill level 5 in Poison Magic
  1047 | D        | Reached XP level 9. HP: 36/52 MP: 3/26
  1051 | D        | Learned a level 2 spell: Searing Ray
  1165 | D        | Killed a yaktaur
  1222 | D        | Reached *** piety under Vehumet
  1222 | D        | Reached skill level 14 in Spellcasting
  1274 | D        | Noticed a centaur warrior
  1276 | D        | Offered knowledge of Stone Arrow by Vehumet.
  1298 | D        | Killed a centaur warrior
  1298 | D        | Reached skill level 5 in Fighting
  1298 | D        | Reached skill level 5 in Armour
  1420 | D        | Learned a level 3 spell: Stone Arrow
  1731 | D        | Noticed an unseen horror
  1736 | D        | Killed an unseen horror
  1736 | D        | Reached **** piety under Vehumet
  1736 | D        | Reached skill level 1 in Earth Magic
  2147 | D        | Noticed a queen bee
  2150 | D        | Offered knowledge of Static Discharge by Vehumet.
  2154 | D        | Reached skill level 15 in Spellcasting
  2155 | D        | Reached ***** piety under Vehumet
  2163 | D        | Reached skill level 10 in Fire Magic
  2163 | D        | Reached XP level 10. HP: 37/59 MP: 13/28
  2175 | D        | Reached ****** piety under Vehumet
  2403 | D        | Offered knowledge of Bolt of Magma by Vehumet.
  2410 | D        | Learned a level 5 spell: Bolt of Magma
  2476 | D        | Noticed a spiny frog
  2476 | D        | Noticed a spiny frog
  2478 | D        | Killed a spiny frog
  2478 | D        | Killed a spiny frog
  2478 | D        | Reached skill level 10 in Conjurations
  2492 | D        | Reached skill level 16 in Spellcasting
  2615 | D        | Noticed a lindwurm
  2617 | D        | Killed a lindwurm
  2617 | D        | Offered knowledge of Conjure Ball Lightning by Vehumet.
  2729 | D        | Noticed Urug
  2735 | D        | Killed Urug
  2735 | D        | Reached skill level 5 in Earth Magic
  2735 | D        | Reached XP level 11. HP: 30/66 MP: 3/30
  3054 | D        | Noticed a seven-headed hydra
  3054 | D        | Noticed a seven-headed hydra
  3056 | D        | Offered knowledge of Yara's Violent Unravelling by Vehumet.
  3056 | D        | Killed a seven-headed hydra
  3058 | D        | Killed a seven-headed hydra
  3058 | D        | Reached skill level 10 in Dodging
  3119 | D        | Got a smoking ivory amulet
  3130 | D        | Identified the amulet of Aguther {RegenMP rC+ SInv Stlth+} (You found it in the Dungeon)
  3281 | D        | Reached skill level 17 in Spellcasting
  3601 | D        | Reached skill level 1 in Shields
  3608 | D        | Offered knowledge of Lee's Rapid Deconstruction by Vehumet.
  3619 | D        | Learned a level 5 spell: Lee's Rapid Deconstruction
  3709 | D        | Noticed Rupert
  3727 | D        | Paralysed by Rupert for 2 turns
  3742 | D        | Killed Rupert
  3867 | D        | Noticed an azure jelly
  3867 | D        | Noticed an azure jelly
  3867 | D        | Noticed an azure jelly
  3867 | D        | Noticed an azure jelly
  3882 | D        | Noticed a death yak
  3883 | D        | Noticed a death yak
  3887 | D        | Noticed a death yak
  3892 | D        | Noticed a death yak
  3894 | D        | Killed a death yak
  3894 | D        | Killed a death yak
  3896 | D        | Killed a death yak
  4043 | D        | Killed a death yak
  4043 | D        | Reached skill level 18 in Spellcasting
  4043 | D        | Reached XP level 12. HP: 73/73 MP: 18/32
  4152 | D        | Noticed a fire dragon
  4229 | D        | Reached skill level 10 in Poison Magic
  4562 | D        | Noticed Polyphemus
  4564 | D        | Offered knowledge of Bolt of Fire by Vehumet.
  4566 | D        | Noticed Ilsuiw
  4650 | D        | Killed Ilsuiw
  4765 | D        | Killed Polyphemus
  5126 | D        | Learned a level 6 spell: Bolt of Fire
  5188 | D        | Found a blossoming altar of Fedhas.
  5221 | D        | Found Allumeha's Distillery.
  5225 | D        | Offered knowledge of Orb of Destruction by Vehumet.
  5243 | D        | Found Nerotu's Book Shop.
  5244 | D        | Found Qiwk's Antique Armour Shoppe.
  5245 | D        | Noticed a merfolk javelineer
  5249 | D        | Killed a merfolk javelineer
  5432 | D        | Learned a level 7 spell: Orb of Destruction
  5504 | D        | Got a barnacled rune of Zot
  5652 | D        | Noticed a dire elephant
  5652 | D        | Noticed a dire elephant
  5652 | D        | Noticed Gastronok
  5659 | D        | Killed a dire elephant
  5659 | D        | Reached skill level 10 in Short Blades
  5659 | D        | Reached skill level 19 in Spellcasting
  5660 | D        | Killed a dire elephant
  5660 | D        | Reached skill level 10 in Air Magic
  5672 | D        | Killed Gastronok
  5984 | D        | Paralysed by an orc sorcerer for 2 turns
  5985 | D        | Offered knowledge of Spellforged Servitor by Vehumet.
  5985 | D        | Reached skill level 5 in Shields
  5985 | D        | Reached XP level 13. HP: 78/78 MP: 34/34
  6013 | D        | Found Neablorr's Magic Scroll Shop.
  6128 | D        | Bought a scroll of identify for 28 gold pieces
  6128 | D        | Bought a scroll of identify for 28 gold pieces
  6128 | D        | Bought a scroll of identify for 28 gold pieces
  6128 | D        | Bought a scroll of identify for 28 gold pieces
  6215 | D        | Bought a potion of invisibility for 96 gold pieces
  6215 | D        | Bought a potion of lignification for 36 gold pieces
  6215 | D        | Bought a potion of magic for 96 gold pieces
  6215 | D        | Bought a potion of curing for 36 gold pieces
  6215 | D        | Bought a potion of curing for 36 gold pieces
  6215 | D        | Bought a potion of agility for 48 gold pieces
  6215 | D        | Bought a potion of curing for 36 gold pieces
  6215 | D        | Bought a potion of curing for 36 gold pieces
  6217 | D        | Bought a bronze leather armour for 182 gold pieces
  6227 | D        | Identified the +5 leather armour "Fyetue Ujia" {Str+7} (You bought it in a shop in the Dungeon)
  6229 | D        | Bought a fine leather armour for 182 gold pieces
  6239 | D        | Identified the +3 leather armour of the Everdark {rPois Str+2} (You bought it in a shop in the Dungeon)
  6247 | D        | Learned a level 2 spell: Blink
  6440 | D        | Found Sonkiy's Book Shoppe.
  6440 | D        | Found Riasycim's Distillery.
  6440 | D        | Found Qixanim's Antique Weapon Emporium.
  6444 | D        | Killed a fire dragon
  6716 | D        | Offered knowledge of Lehudib's Crystal Spear by Vehumet.
  6716 | D        | Offered knowledge of Fire Storm by Vehumet.
  6716 | D        | Offered knowledge of Shatter by Vehumet.
  6730 | D        | Noticed a deep elf demonologist
  6741 | D        | Noticed a deep elf annihilator
  6742 | D        | Noticed a deep elf death mage
  6792 | D        | Noticed a deep elf annihilator
  6796 | D        | Killed a deep elf annihilator
  6800 | D        | Got a scorched war axe {antimagic}
  6800 | D        | Got a pitted amber ring
  6801 | D        | Noticed a cacodemon
  6811 | D        | Gained mutation: You occasionally shout uncontrollably at your foes. [a cacodemon]
  6959 | D        | Identified the ring "Zoud" {Ice *Corrode rElec Dex+9 Slay+3} (You took it off a deep elf annihilator in the Dungeon)
  6961 | D        | Identified the +7 war axe of the Coin {antimagic, +Fly rPois} (You took it off a deep elf annihilator in the Dungeon)
  7126 | D        | Killed a deep elf annihilator
  7126 | D        | Reached skill level 20 in Spellcasting
  7131 | D        | Noticed a balrug
  7131 | D        | Killed a deep elf demonologist
  7142 | D        | Killed a deep elf death mage
  7262 | D        | Noticed a deep elf master archer
  7486 | D        | Reached skill level 10 in Earth Magic
  7543 | D        | Killed a deep elf master archer
  7706 | D        | Killed a ghostly deep elf death mage
  7730 | D        | Got a jewelled mace {venom}
  7768 | D        | Got a brightly glowing rapier {pierce}
  7778 | D        | Got a brightly glowing glaive {venom}
  7797 | D        | Got a wavering bone ring
  7797 | D        | Got a scorched ruby amulet
  7856 | D        | Identified the ring "Cael Bis" {rF- MR++ Str+6 Stlth+} (You found it in the Dungeon)
  7858 | D        | Identified the amulet "Susmy" {rC- rN+ MR+ Regen+ Str+2} (You found it in the Dungeon)
  7863 | D        | Identified the +6 mace "Ruorel" {venom, rPois} (You took it off a deep elf annihilator in the Dungeon)
  7864 | D        | Identified the +8 rapier "Ymiqeixi" {pierce, rF+ MR+} (You took it off a deep elf death mage in the Dungeon)
  8200 | D        | Noticed Xtahua
  8218 | D        | Killed Xtahua
  8232 | D        | Got a decaying rune of Zot
  8249 | D        | Bought 2 potions of heal wounds for 100 gold pieces
  8249 | D        | Bought a potion of heal wounds for 50 gold pieces
  8249 | D        | Bought a potion of curing for 30 gold pieces
  8249 | D        | Bought a potion of resistance for 100 gold pieces
  8249 | D        | Bought a potion of heal wounds for 50 gold pieces
  8298 | D        | Killed an azure jelly
  8298 | D        | Killed an azure jelly
  8299 | D        | Killed an azure jelly
  8299 | D        | Reached skill level 21 in Spellcasting
  8300 | D        | Killed an azure jelly
  8580 | D        | Noticed Dowan
  8580 | D        | Noticed Duvessa
  8585 | D        | Killed Dowan
  8585 | D        | Reached skill level 10 in Fighting
  8585 | D        | Reached XP level 14. HP: 88/88 MP: 29/37
  8590 | D        | Killed Duvessa
  8916 | D        | Reached skill level 10 in Armour
  9292 | D        | Found Buod's Antique Weapon Emporium.
  9292 | D        | Found Fub Pioh's Antique Armour Shop.
  9292 | D        | Found Huomeos's Food Boutique.
  9292 | D        | Found Pigychiu's General Store.
  9292 | D        | Found Ebiajidd's Distillery.
  9292 | D        | Found Oran's Jewellery Emporium.
  9292 | D        | Found Destriav's Food Shoppe.
  9292 | D        | Found Qonaun's Antique Weapon Shop.
  9292 | D        | Found Nobar's Antique Weapon Shop.
  9292 | D        | Found Semor's Book Emporium.
  9292 | D        | Found Zeled's Magic Scroll Emporium.
  9292 | D        | Found Edaceh's Gadget Boutique.
  9307 | D        | Bought a scroll of identify for 24 gold pieces
  9307 | D        | Bought a scroll of vulnerability for 90 gold pieces
  9307 | D        | Bought a scroll of enchant armour for 90 gold pieces
  9307 | D        | Bought a scroll of enchant armour for 90 gold pieces
  9307 | D        | Bought a scroll of fear for 42 gold pieces
  9312 | D        | Bought a potion of curing for 36 gold pieces
  9312 | D        | Bought a potion of heal wounds for 60 gold pieces
  9312 | D        | Bought a potion of heal wounds for 60 gold pieces
  9312 | D        | Bought a potion of curing for 36 gold pieces
  9313 | D        | Bought a +4 ring of intelligence for 270 gold pieces
  9315 | D        | Bought a shiny shield for 187 gold pieces
  9315 | D        | Bought a pair of glowing boots for 187 gold pieces
  9315 | D        | Bought a heavily runed buckler for 237 gold pieces
  9340 | D        | Identified the +1 buckler "Rics" {Int+4} (You bought it in a shop in the Dungeon)
  9343 | D        | Bought a potion of heal wounds for 70 gold pieces
  9343 | D        | Bought a potion of curing for 42 gold pieces
  9523 | D        | Reached skill level 22 in Spellcasting
  9629 | D        | Found the +4 dagger "Morg" {pain, MR+ Int+5}
  9637 | D        | Slain by a war axe of chopping

Vault maps used:
D:        dungeon_sprint_mu

Skill      XL: |  1  2  3  4  5  6  7  8  9 10 11 12 13 14 |
---------------+-------------------------------------------+-----
Spellcasting   | 7 10 12 13 15 16 18 19 21 22 | 22.0
Conjurations   | 3 4 5 7 8 9 10 11 12 13 14 | 14.2
Fire Magic     | 5 6 7 8 9 10 11 12 14 | 14.5
Fighting       | 2 3 4 5 6 7 8 10 | 10.5
Short Blades   | 3 4 5 6 7 9 10 11 12 | 12.2
Armour         | 2 3 4 5 6 7 8 9 10 | 10.4
Dodging        | 4 5 7 8 9 11 12 13 14 | 14.3
Air Magic      | 3 4 5 6 7 9 10 11 12 | 12.2
Poison Magic   | 3 4 5 7 8 9 11 12 13 | 13.1
Earth Magic    | 2 5 7 9 11 | 11.8
Shields        | 3 5 7 |  7.8
Stealth        | |  2.4

Action                   |  1- 3 |  4- 6 |  7- 9 | 10-12 | 13-15 || total
-------------------------+-------+-------+-------+-------+-------++-------
Melee: Long sword        |       |       |     2 |     3 |       ||     5
       Headbutt          |       |       |     1 |    51 |       ||    52
       Dagger            |       |       |       |   214 |       ||   214
       Rapier            |       |       |       |       |     6 ||     6
 Cast: Flame Tongue      |    10 |     6 |    41 |    17 |     4 ||    78
       Throw Flame       |     2 |       |       |     9 |       ||    11
       Sticky Flame      |       |     3 |     7 |    16 |    13 ||    39
       Conjure Flame     |       |     1 |     4 |     6 |     1 ||    12
       Mephitic Cloud    |       |     1 |     4 |     4 |     1 ||    10
       Inner Flame       |       |       |     5 |     4 |     5 ||    14
       Fireball          |       |       |     8 |     5 |     6 ||    19
       Searing Ray       |       |       |     5 |       |       ||     5
       Bolt of Magma     |       |       |       |    61 |     3 ||    64
       Bolt of Fire      |       |       |       |    17 |    55 ||    72
       Orb of Destructio |       |       |       |       |    24 ||    24
       Stone Arrow       |       |       |       |       |    13 ||    13
       Lee's Rapid Decon |       |       |       |       |    18 ||    18
 Abil: Evoke Flight      |       |       |       |       |     3 ||     3
  Use: Potion            |     4 |       |       |     5 |     4 ||    13
       Scroll            |       |       |     2 |     7 |     6 ||    15
 Stab: Sleeping          |       |       |       |       |     2 ||     2
  Eat: Ration            |       |       |     1 |     4 |     2 ||     7
       Chunk             |       |       |       |     1 |     5 ||     6
Armor: Leather armour    |       |       |     1 |     4 |    16 ||    21
Dodge: Dodged            |     1 |     1 |     5 |    38 |    25 ||    70
Block: Buckler           |       |       |       |     3 |    20 ||    23
       Rpst.: Long sword |       |       |     1 |     3 |       ||     4

Table legend:
 A = Spawn XP
 B = Non-spawn XP
 C = Spawn XP percentage of total XP
 D = Spawn monster count
 E = Non-spawn monster count
 F = Spawn count percentage of total count
 G = Total turns spent on level
                    A         B        C        D         E        F      G
               +---------+---------+-------+---------+---------+-------+---------
         Total |       0 |   81201 |   0.0 |       0 |     177 |   0.0 |  9637
               +---------+---------+-------+---------+---------+-------+---------
             D |       0 |   81201 |   0.0 |       0 |     177 |   0.0 |  9637
               +---------+---------+-------+---------+---------+-------+---------
